 Dungeon Crawl Stone Soup version 0.27.0-1-g7a089689b8 (webtiles) character file.

Game seed: 502946699687050482

51 HoaS the Twirler (level 3, -6/21 HPs)
             Began as a Gargoyle Gladiator on Aug 14, 2021.
             Killed from afar by a white imp (11 damage)
             ... with a puff of frost
             ... on level 3 of the Dungeon.
             The game lasted 00:02:58 (2115 turns).

HoaS the Twirler (Gargoyle Gladiator)               Turns: 2115, Time: 00:02:59

Health: -6/21      AC: 12    Str: 18    XL:     3   Next: 83%
Magic:  3/3        EV:  7    Int:  8    God:
Gold:   100        SH:  0    Dex: 11    Spells: 2/2 levels left

rFire    . . .     SeeInvis +   a - +0 quarterstaff
rCold    . . .     Faith    .   (shield currently unavailable)
rNeg     + . .     Spirit   .   k - +0 chain mail
rPois    ∞         Reflect  .   c - +0 helmet
rElec    +         Harm     .   (no cloak)
rCorr    .         Rampage  .   (no gloves)
Will     .....                  (no boots)
Stlth    ..........             (no amulet)
HPRegen  0.07/turn              m - ring of see invisible
MPRegen  0.08/turn              (no ring)

@: no status effects
A: sickness immunity, AC +3, negative energy resistance 1, electricity
resistance, torment resistance 1, petrification resistance
a: no special abilities


You were on level 3 of the Dungeon.
You visited 1 branch of the dungeon, and saw 3 of its levels.

You collected 100 gold pieces.

Inventory:

Hand Weapons
 a - a +0 quarterstaff (weapon)
Missiles
 d - 3 throwing nets (quivered)
 f - 28 arrows
 i - 12 poisoned darts
Armour
 c - a +0 helmet (worn)
 k - a +0 chain mail (worn)
Jewellery
 m - a ring of see invisible (left hand)
Wands
 p - a wand of flame (16)
Scrolls
 b - 2 scrolls of silence
Potions
 e - a potion of resistance {unknown}
 g - a potion of ambrosia {unknown}
 h - a potion of lignification {unknown}
 j - 2 potions of mutation
 l - a potion of flight {unknown}
 n - a potion of curing {unknown}
 o - a potion of degeneration {unknown}


   Skills:
 - Level 2.1 Fighting
 + Level 4.6 Staves
 - Level 1.7 Throwing
 - Level 2.4 Dodging


You had 2 spell levels left.
You didn't know any spells.
Your spell library contained the following spells:

 Spells                   Type           Power      Damage    Failure   Level
 Sting                    Tmut/Pois      0%         1d3       100%        1
 Poisonous Vapours        Pois/Air       0%         N/A       100%        2
 Slow                     Hex            0%         N/A       100%        2
 Confusing Touch          Hex            0%         N/A       100%        3
 Vampiric Draining        Necr           0%         2d6       100%        3
 Olgreb's Toxic Radiance  Pois           0%         N/A       100%        4


Dungeon Overview and Level Annotations

Branches:
Dungeon (3/15)

Altars:


Innate Abilities, Weirdness & Mutations

You are immune to sickness and miasma.
Your stone body is resilient. (AC +3)
You are immune to poison.
You resist negative energy. (rN+)
You are resistant to electric shocks. (rElec)
You are resistant to unholy torment.
You are immune to petrification.


Message History

p - a wand of flame (16)
A goblin comes into view. It is wielding a +2 dagger of speed.
The goblin shouts!
A goblin comes into view. It is wielding a +0 club.
The goblin shouts!
You hear a shout!
The goblin hits you with a +2 dagger of speed.
You hit the goblin but do no damage. The goblin hits you but does no damage.
A white imp comes into view.
You closely miss the goblin. The goblin closely misses you.
The goblin hits you but does no damage.
You hit the goblin.
You kill the goblin!
The white imp gestures at you.
The puff of frost hits you but does no damage.
The goblin hits you but does no damage.
Your chain mail prevents you from hitting the goblin.
The goblin hits you but does no damage.
You closely miss the goblin. The goblin hits you but does no damage.
You hit the goblin.
The goblin is severely wounded.
The goblin hits you but does no damage.
You barely miss the goblin.
The goblin is severely wounded.
The white imp barely misses you. The goblin barely misses you.
You closely miss the goblin.
The goblin is severely wounded.
The white imp gestures at you. The puff of frost hits you!
The goblin hits you but does no damage.
You sock the goblin!
You kill the goblin!
The white imp hits you. The white imp freezes you.
* * * LOW HITPOINT WARNING * * *
You are too injured to fight recklessly!
Your chain mail prevents you from hitting the white imp.
The white imp hits you but does no damage.
You closely miss the white imp. The white imp gestures at you.
The puff of frost hits you!
Ouch! That really hurt!
You die...

........#...#>#...#..#
........#####.#........#
........# #.#.......[#
†.).....#####[#.........
........................
....).........##........
#####.[.......##........
#.........##.)......
#...........@5......
######......).....#+
#............#
#......?.....#
#.........####
#.........# #.........#
#.........# #.........#


You could see a white imp.

Vanquished Creatures
  A worm (D:2)
  A dart slug (D:1)
  An orc (D:3)
  8 endoplasms
  4 giant cockroaches
  5 goblins
  4 hobgoblins
  A kobold (D:1)
  2 quokkas (D:1)
  5 ball pythons
  A bat (D:2)
  4 frilled lizards
  3 rats
40 creatures vanquished.

Notes
Turn   | Place    | Note
-------+----------+-------------------------------------------
     0 | D:1      | HoaS the Gargoyle Gladiator began the quest for the Orb.
     0 | D:1      | Reached XP level 1. HP: 12/12 MP: 1/1
    93 | D:1      | Reached XP level 2. HP: 17/17 MP: 2/2
   565 | D:1      | Reached skill level 4 in Staves
   800 | D:2      | Reached XP level 3. HP: 18/21 MP: 3/3
  2115 | D:3      | Killed from afar by a white imp

Illustrated notes

Levels and vault maps discovered:
D:1:      nicolae_arrival_washed_ashore, layout_loops_ring
D:2:      layout_loops_corners, kennysheep_generic_room_12
D:3:      layout_basic, mainiacjoe_overflow_chevrons,
          gammafunk_temple_overflow_forgotten

Skill      XL: |  1  2 |
---------------+-------+-----
Staves         | 4 |  4.6
Fighting       | |  2.1
Throwing       | |  1.7
Dodging        | |  2.4

Action                   || total
-------------------------++-------
Melee: Quarterstaff      ||   131
  Use: Scroll            ||     4
Armor: Leather armour    ||     2
       Scale mail        ||    10
       Chain mail        ||    57
Dodge: Dodged            ||    47
